 Dungeon Crawl Stone Soup version 0.28.0-53-g5a82cb258f (webtiles) character file.

Game seed: 15904105663845258458

36496 quokkamancerX the Bludgeoner (level 13, -9/118 HPs)
             Began as a Demonspawn Berserker on June 10, 2022.
             Was a Priest of Trog.
             Mangled by a cane toad (18 damage)
             ... on level 4 of the Lair of Beasts on June 11, 2022.
             The game lasted 01:01:09 (22900 turns).

quokkamancerX the Bludgeoner (DsBe)                Turns: 22900, Time: 01:01:10

Health: -9/118     AC: 15    Str: 21    XL:     13   Next: 53%
Magic:  13/13      EV:  6    Int:  9    God:    Trog [***...]
Gold:   486        SH:  0    Dex: 14    Spells: 12/12 levels left

rFire   . . .      SeeInvis .   C - +1 morningstar (vorpal)
rCold   + + +      Faith    .   (no shield)
rNeg    . . .      Spirit   .   w - +0 plate armour
rPois   +          Reflect  .   l - +2 helmet
rElec   .          Harm     .   b - +0 cloak
rCorr   +          Rampage  .   (no gloves)
Will    +....                   (boots unavailable)
Stlth   ..........              (no amulet)
HPRegen 0.29/turn               K - ring "Lios" {rPois rC++ Will+ rCorr}
MPRegen 0.13/turn               I - ring of protection from cold

@: mighty, on berserk cooldown, hasted and slowed
A: hooves 3, rugged brown scales 1, ignite blood 2, powered by pain 1
a: Renounce Religion, Berserk, Trog's Hand


You were on level 4 of the Lair of Beasts.
You worshipped Trog.
Trog was most pleased with you.
You visited 2 branches of the dungeon, and saw 16 of its levels.
You also visited: Ice Cave.

You collected 1246 gold pieces.
You spent 760 gold pieces at shops.

Inventory:

Hand Weapons
 C - a +1 vorpal morningstar (weapon)
Missiles
 k - 3 throwing nets
 q - 39 poisoned darts (quivered)
Armour
 b - a +0 cloak (worn)
 l - a +2 helmet (worn)
 w - a +0 plate armour (worn)
Jewellery
 F - a ring of see invisible
 I - a ring of protection from cold (right hand)
 K - the ring "Lios" (left hand) {rPois rC++ Will+ rCorr}
   (You bought it in a shop on level 1 of the Dungeon)

   [ring of resist corrosion]

   rC:        It greatly protects you from cold.
   rPois:     It protects you from poison.
   rCorr:     It protects you from acid and corrosion.
   Will:      It increases your willpower.
Wands
 m - a wand of paralysis (10)
 x - a wand of iceblast (27)
 y - a wand of polymorph (16)
 A - a wand of flame (24)
 J - a wand of mindburst (11)
Scrolls
 a - 2 scrolls of holy word
 d - 2 scrolls of vulnerability
 g - 2 scrolls of fog
 i - 3 scrolls of identify
 n - 9 scrolls of teleportation
 o - 4 scrolls of brand weapon
 r - a scroll of blinking
 G - a scroll of fear
 H - a scroll of summoning {unknown}
Potions
 c - 2 potions of might
 e - 3 potions of curing
 f - 4 potions of heal wounds {unknown}
 h - 3 potions of mutation {unknown}
 j - 2 potions of resistance
 s - 2 potions of lignification {unknown}
 t - a potion of degeneration {unknown}
 u - a potion of invisibility {unknown}
 v - 2 potions of berserk rage {unknown}
 z - a potion of brilliance {unknown}
 B - a potion of magic {unknown}
 D - 2 potions of flight {unknown}
 E - a potion of haste
Miscellaneous
 p - a condenser vane


   Skills:
 - Level 15.0 Fighting
 - Level 16.0 Maces & Flails
 - Level 1.7 Armour
 + Level 2.4 Dodging
 - Level 6.0 Evocations


You had 12 spell levels left.
You didn't know any spells.
Your spell library was empty.

Dungeon Overview and Level Annotations

Branches:
Dungeon (11/15)            Temple (0/1) D:5            Lair (5/6) D:11
  Swamp (0/4) Lair:3        Snake (0/4) Lair:2        IceCv (visited)
  Slime: Lair:5-6       Orc: D:9-12

Altars:
Cheibriados
Dithmenos
Qazlal
Zin

Shops:
D:1 =

Annotations:
D:8 1 runed translucent door, wingedge's ghost, novice DsNe
Lair:4 1 runed translucent door, Nyzic's ghost, journeyman TrMo


Innate Abilities, Weirdness & Mutations

You have hooves in place of feet.
You are partially covered in rugged brown scales. (AC +1, +3% HP)
Your demonic aura often causes spilled blood to erupt in flames.
You sometimes gain a little power by taking damage.


Message History

You focus on the pain.
You feel very mighty all of a sudden. The cane toad stings you!
* * * LOW HITPOINT WARNING * * *
You focus on the pain.
You feel mightier all of a sudden. A mysterious force pulls you upwards.
The hatch slams shut behind you.
Level annotation: 1 runed translucent door, Nyzic's ghost, journeyman TrMo
Okay, then.
A red film seems to cover your vision as you go berserk!
You feel yourself moving faster!
You feel mighty! The water moccasin bites you.
* * * LOW HITPOINT WARNING * * *
The five-headed hydra bites you.
* * * LOW HITPOINT WARNING * * *
The five-headed hydra barely misses you.
The five-headed hydra bites you.
* * * LOW HITPOINT WARNING * * *
The five-headed hydra bites you but does no damage. x2
The cane toad stings you but does no damage.
You barely miss the five-headed hydra. Your kick misses the five-headed hydra.
The water moccasin bites you but does no damage.
The five-headed hydra bites you!
* * * LOW HITPOINT WARNING * * *
The five-headed hydra bites you!
* * * LOW HITPOINT WARNING * * *
The five-headed hydra bites you but does no damage. x2
The five-headed hydra bites you!
* * * LOW HITPOINT WARNING * * *
You feel a strong urge to attack something.
The five-headed hydra is engulfed in blazing flames.
You are too berserk!
You feel your anger nearly subside.
The cane toad is engulfed in blazing flames.
You are no longer berserk.
You are exhausted.
You feel yourself slow down.
You feel yourself speed up.
The water moccasin bites you but does no damage. x2
The cane toad stings you!!
You die...

...........≈§#§§§.....#(.....#.##
..#####....§≈#≈≈.......#.....###
..#![$#....≈≈≈≈≈.............#
.##.≈.##.P.§......#..........#
###.≈.#..PP.##.........P....## #
#.≈.#.....#P..............#####
#.≈W#.[........S.....P.....#...
####+##.........FD...............
#...........#...@................
#.P....P...####...##..#..........
#.#P...#.....##...#..##.....##...
......##.........###........###..
..#.........................###..
##....PP.#.P..........#..........
#...........<...................
#...............P....P..........
##...............................


You could see a five-headed hydra, a cane toad and a water moccasin.

Vanquished Creatures
  A frost giant (IceCv)
  5 hydras
  A catoblepas (Lair:4)
  2 two-headed ogres
  3 death yaks (IceCv)
  The ghost of Woods the Insei, a novice GnTm of Ashenzari (D:7)
  2 bog bodies (Lair:3)
  An ugly thing (IceCv)
  5 elephants
  4 black mambas (Lair:2)
  Joseph (D:8)
  8 cane toads
  An ice statue (IceCv)
  A gargoyle (D:10)
  Maggie (D:8)
  5 komodo dragons
  9 rime drakes (IceCv)
  8 polar bears
  5 dream sheep
  9 blink frogs
  A wraith (D:10)
  A shadow (D:11)
  9 wyverns
  25 yaks
  A basilisk (Lair:2)
  A steam dragon (D:7)
  2 vampire mosquitoes (D:10)
  An acid dragon (D:11)
  10 water moccasins
  2 orc warriors
  An ice beast (D:7)
  3 sky beasts
  2 black bears
  3 ogres (D:6)
  5 centaurs
  A phantom (D:3)
  10 wolves (IceCv)
  2 kobold brigands
  9 bullfrogs
  A scorpion (D:4)
  4 killer bees (D:11)
  A howler monkey (D:5)
  4 centaur zombies
  6 orc priests
  A hound (D:6)
  A jelly (D:8)
  2 iguanas (D:4)
  Natasha (thrice) (D:3)
  11 orc wizards
  A hound zombie (D:5)
  A howler monkey zombie (D:8)
  A howler monkey skeleton (D:7)
  4 adders
  A shadow imp (D:7)
  2 adder skeletons (D:4)
  A dart slug (D:3)
  2 worms (D:2)
  29 orcs
  4 endoplasms
  5 giant cockroaches
  6 goblins
  5 hobgoblins
  3 jackals
  4 quokkas
  7 ball pythons
  7 bats
  2 frilled lizards (D:1)
  35 kobolds
  7 rats
323 creatures vanquished.

Vanquished Creatures (collateral kills)
  Harold (D:11)
  A centaur zombie (D:11)
  A yak (D:11)
3 creatures vanquished.

Vanquished Creatures (others)
  An orc wizard (D:9)
  21 fungi
  101 plants
123 creatures vanquished.

Grand Total: 449 creatures vanquished

Notes
Turn   | Place    | Note
-------+----------+-------------------------------------------
     0 | D:1      | quokkamancerX the Demonspawn Berserker began the quest for
                  | the Orb.
     0 | D:1      | Reached XP level 1. HP: 18/18 MP: 1/1
   115 | D:1      | Reached skill level 3 in Maces & Flails
   383 | D:1      | Gained mutation: You have large cloven feet. [demonic
                  | ancestry]
   383 | D:1      | Reached XP level 2. HP: 23/24 MP: 2/2
   857 | D:1      | Reached ** piety under Trog
   928 | D:1      | Found Casaof's Jewellery Boutique.
  1133 | D:1      | Reached XP level 3. HP: 29/29 MP: 3/3
  1410 | D:2      | Noticed a black bear
  1425 | D:2      | Killed a black bear
  1426 | D:2      | Reached skill level 5 in Maces & Flails
  1426 | D:2      | Gained mutation: You have hoof-like feet. [demonic
                  | ancestry]
  1426 | D:2      | Reached XP level 4. HP: 35/35 MP: 4/4
  1830 | D:2      | Reached XP level 5. HP: 28/41 MP: 5/5
  2488 | D:2      | Found a faded altar of an unknown god.
  2856 | D:3      | Noticed Natasha
  2860 | D:3      | Killed Natasha
  3212 | D:3      | Noticed a phantom
  3218 | D:3      | Killed a phantom
  3219 | D:3      | Reached skill level 6 in Maces & Flails
  3297 | D:3      | Reached XP level 6. HP: 42/47 MP: 6/6
  3391 | D:3      | Noticed Natasha
  3396 | D:3      | Killed Natasha
  3498 | D:3      | Noticed Natasha
  3503 | D:3      | Killed Natasha
  4185 | D:4      | Reached *** piety under Trog
  4405 | D:4      | Reached skill level 7 in Maces & Flails
  5130 | D:5      | Entered Level 5 of the Dungeon
  5163 | D:4      | Reached XP level 7. HP: 52/52 MP: 7/7
  5489 | D:5      | Reached skill level 8 in Maces & Flails
  5596 | D:5      | Found a staircase to the Ecumenical Temple.
  5601 | D:5      | You fall into a shaft and drop 3 floors!
  6258 | D:6      | Reached skill level 9 in Maces & Flails
  6258 | D:6      | Gained mutation: You have hooves in place of feet. [demonic
                  | ancestry]
  6258 | D:6      | Reached XP level 8. HP: 51/58 MP: 8/8
  6909 | D:5      | Reached skill level 10 in Maces & Flails
  7535 | D:6      | Reached skill level 11 in Maces & Flails
  7689 | D:6      | Gained mutation: You are partially covered in rugged brown
                  | scales. (AC +1, +3% HP) [demonic ancestry]
  7689 | D:6      | Reached XP level 9. HP: 64/64 MP: 9/9
  8687 | D:7      | Noticed a two-headed ogre
  8693 | D:7      | Killed a two-headed ogre
  8694 | D:7      | Reached skill level 12 in Maces & Flails
  9041 | D:7      | Found a large runed translucent door.
  9042 | D:7      | Found a large runed translucent door.
  9192 | D:7      | Reached **** piety under Trog
  9313 | D:7      | Noticed Woods's ghost (novice GnTm)
  9335 | D:7      | Killed Woods's ghost
  9336 | D:7      | Reached skill level 13 in Maces & Flails
  9507 | D:8      | Noticed Joseph
  9652 | D:8      | Killed Joseph
  9653 | D:8      | Reached XP level 10. HP: 72/72 MP: 10/10
 10194 | D:8      | Noticed wingedge's ghost (novice DsNe)
 10199 | D:8      | Found a runed translucent door.
 10366 | D:8      | Found a snail-covered altar of Cheibriados.
 10366 | D:8      | Noticed Maggie
 10379 | D:8      | Killed Maggie
 11480 | D:10     | Entered Level 10 of the Dungeon
 11548 | D:10     | Reached skill level 5 in Fighting
 11635 | D:10     | Reached skill level 14 in Maces & Flails
 12023 | D:10     | Noticed a gargoyle
 12029 | D:10     | Noticed a two-headed ogre
 12031 | D:10     | Killed a gargoyle
 12084 | D:9      | Killed a two-headed ogre
 12480 | D:10     | Found a stormy altar of Qazlal.
 12953 | D:11     | Gained mutation: Your demonic aura sometimes causes spilled
                  | blood to erupt in flames. [demonic ancestry]
 12953 | D:11     | Reached XP level 11. HP: 68/85 MP: 11/11
 13073 | D:11     | Noticed Harold
 13082 | D:11     | Killed Harold
 13270 | D:11     | Found a shadowy altar of Dithmenos.
 13890 | D:11     | Found a staircase to the Lair.
 14052 | Lair:1   | Entered Level 1 of the Lair of Beasts
 14198 | Lair:1   | Noticed a seven-headed hydra
 14212 | Lair:1   | Killed a seven-headed hydra
 14213 | Lair:1   | Reached skill level 15 in Maces & Flails
 14531 | Lair:1   | You fall into a shaft and drop 1 floor!
 15262 | D:1      | Bought the ring "Lios" {rPois rC++ Will+ rCorr} for 760
                  | gold pieces
 15862 | Lair:2   | Found a staircase to the Snake Pit.
 16468 | Lair:2   | Reached skill level 10 in Fighting
 16468 | Lair:2   | Gained mutation: You sometimes gain a little power by
                  | taking damage. [demonic ancestry]
 16468 | Lair:2   | Reached XP level 12. HP: 30/99 MP: 12/12
 17793 | Lair:3   | Noticed a six-headed hydra
 17798 | Lair:3   | Killed a six-headed hydra
 17799 | Lair:3   | Reached skill level 16 in Maces & Flails
 17903 | Lair:3   | Found a frozen archway.
 17958 | IceCv    | Entered an ice cave
 18397 | IceCv    | Noticed a death yak
 18403 | IceCv    | Killed a death yak
 18404 | IceCv    | Reached skill level 1 in Evocations
 19110 | IceCv    | Noticed a death yak
 19110 | IceCv    | Noticed a frost giant
 19110 | IceCv    | Noticed a death yak
 19142 | IceCv    | Killed a death yak
 19149 | IceCv    | Killed a frost giant
 19152 | IceCv    | Killed a death yak
 19329 | IceCv    | Reached skill level 5 in Evocations
 19913 | Lair:3   | Gained mutation: Your demonic aura often causes spilled
                  | blood to erupt in flames. [demonic ancestry]
 19913 | Lair:3   | Reached XP level 13. HP: 111/114 MP: 13/13
 20327 | Lair:3   | Found a staircase to the Swamp.
 21448 | Lair:4   | Found a runed translucent door.
 21468 | Lair:4   | Noticed Nyzic's ghost (journeyman TrMo)
 22292 | Lair:4   | Found a snail-covered altar of Cheibriados.
 22752 | Lair:4   | Reached skill level 15 in Fighting
 22881 | Lair:4   | HP: 6/177 [five-headed hydra (9)]
 22900 | Lair:4   | Mangled by a cane toad

Illustrated notes

Levels and vault maps discovered:
D:1:      giann_bridges, layout_loops_ring, serial_shops, shop_statue
D:2:      minmay_inner_zag, layout_basic, shapermc_ecumenical_altar_petra
D:3:      layout_basic, uniq_natasha
D:4:      layout_rooms, minmay_unequal
D:5:      layout_cave_pools, minmay_temple_entry_statues_fountains,
          kennysheep_doodads, kennysheep_small_spiral
D:6:      kennysheep_kobold_camp, layout_rooms, patterned_corridor
D:7:      layout_basic, serial_corexii_hall, chequers_hall_statues_wall_a,
          chequers_hall_statues_wall_a, ebering_ghost_disaster_area,
          minmay_tree_intersection
D:8:      layout_loops_ring, jmf_multi_god_temple, hellmonk_ghost_big_iron,
          minmay_misc_feat_rows, chequers_serial_rivers_micro_d,
          kennysheep_path_1, uniq_joseph, uniq_maggie
D:9:      layout_basic
D:10:     layout_roguey, nicolae_qazlal_eye_of_the_storm,
          chequers_serial_rivers_micro_c
D:11:     layout_cave_pods, lair_entry_dummy, nicolae_dithmenos_the_darkroom,
          uniq_harold
Lair:1:   layout_regular_city, chequers_serial_rivers_small_b
Lair:2:   layout_chaotic_city, guppyfry_snake_entry_island
Lair:3:   layout_concentric_octagons, skrybe_swamp_entry_bodies,
          portal_ice_cave_entry_pillars_1, grunt_forest_small_clearings,
          wad_woods_river_01, lemuel_fruit_fields, lemuel_fruit_fields
Lair:4:   layout_gridlike, basic_altar, ebering_ghost_reflecting_pool
Lair:5:   layout_long_grid, minmay_slime_entry_jelly_boxes, serial_bayou_shore_b

Skill      XL: |  1  2  3  4  5  6  7  8  9 10 11 12 13 |
---------------+----------------------------------------+-----
Maces & Flails | 3 5 6 7 9 11 13 14 15 16 | 16.0
Fighting       | 6 10 13 15 | 15.0
Evocations     | 5 6 |  6.0
Dodging        | 2 |  2.4
Armour         | |  1.7

Action                   |  1- 3 |  4- 6 |  7- 9 | 10-12 | 13-15 || total
-------------------------+-------+-------+-------+-------+-------++-------
Melee: Mace              |    70 |   156 |    81 |       |       ||   307
       Kick              |    10 |    39 |    60 |   143 |    56 ||   308
       Punch             |     1 |       |     3 |     7 |     2 ||    13
       Flail             |       |       |   112 |    14 |       ||   126
       Unarmed           |       |       |    11 |       |       ||    11
       Morningstar       |       |       |       |   432 |   122 ||   554
Throw: Dart              |       |       |     4 |       |     2 ||     6
       Throwing net      |       |       |     2 |     1 |       ||     3
Invok: Berserk           |     1 |     3 |    12 |    17 |     8 ||    41
       Trog's Hand       |       |       |     1 |    10 |     1 ||    12
       Brothers in Arms  |       |       |     1 |     1 |       ||     2
  Use: Scroll            |       |     1 |    11 |    10 |     1 ||    23
       Potion            |       |       |       |     1 |     1 ||     2
Armor: Animal skin       |    13 |       |       |       |       ||    13
       Leather armour    |    21 |    24 |       |       |       ||    45
       Scale mail        |       |    25 |    12 |       |       ||    37
       Plate armour      |       |       |    96 |   256 |   115 ||   467
Dodge: Dodged            |    64 |    68 |    70 |   122 |    38 ||   362
